 Dungeon Crawl Stone Soup version 0.31-a0-18-gea43df2a32 (webtiles) character file.

Game seed: 8531373677813531522

3312631 KimchiStew the Invulnerable (level 27, 260/260 HPs)
             Began as a Hill Orc Monk on May 10, 2023.
             Was a Priest of Lugonu.
             Escaped with the Orb
             ... and 5 runes on May 11, 2023!
             The game lasted 02:10:13 (64282 turns).

KimchiStew the Invulnerable (Hill Orc Monk)        Turns: 64282, Time: 02:10:14

Health: 260/260    AC: 43    Str: 29    XL:     27
Magic:  36/36      EV: 10    Int: 13    God:    Lugonu [***...]
Gold:   5674       SH: 21    Dex:  9    Spells: 24/26 levels left

rFire   + + +        W - +9 broad axe (distort)
rCold   + + +        Q - +1 tower shield {reflect}
rNeg    + . .        n - +5 gold dragon scales
rPois   +            d - +1 helmet
rElec   +            S - scarf {rC+ rF+}
rCorr   +            l - +1 pair of gloves
SInv    .            M - +3 pair of mountain boots {steadfast, rC+}
Will    +++..        a - amulet of regeneration Stlth
                     J - ring "Bumah" {Contam rElec rN+ Int+3}
HPRegen 1.43/turn    O - ring of Leaves {Will+ rCorr Str+3 Dex-4}
MPRegen 0.25/turn

%: reflection, clarity
@: studying Ranged Weapons
A: clarity, fire resistance 2, low MP 1, weak 1, evolution 1
0: Orb of Zot
}: 5/15 runes: serpentine, barnacled, slimy, silver, abyssal
a: Renounce Religion, Depart the Abyss, Banish


You escaped.
You worshipped Lugonu.
Lugonu was most pleased with you.
You visited 11 branches of the dungeon, and saw 53 of its levels.
You visited the Abyss 4 times.
You also visited: Trove, Bailey, Ice Cave and Wizlab.

You collected 8665 gold pieces.
You spent 2991 gold pieces at shops.

Inventory:

Hand Weapons
 V - the +8 demon trident "Rift" {distort, reach+}
   (You found it on level 1 of the Depths)
 W - a +9 broad axe of distortion (weapon)
Missiles
 s - 2 curare-tipped darts
 A - 13 silver javelins (quivered)
 I - 19 javelins
 L - 4 throwing nets
Armour
 d - a +1 helmet (worn)
 l - a +1 pair of gloves (worn)
 n - +5 gold dragon scales (worn)
 u - a +2 hat
 G - a scarf of shadows
 M - the +3 pair of mountain boots (worn) {steadfast, rC+}
   (You bought it in a shop on level 1 of the Depths)

   Steadfast: It prevents involuntary movement, except for blinking,
   teleportation, or banishment.
   rC:        It protects you from cold.
 Q - a +1 tower shield of reflection (worn)
 S - a scarf of resistance (worn)
Jewellery
 a - an amulet of regeneration (around neck)
 J - the ring "Bumah" (left hand) {Contam rElec rN+ Int+3}
   (You found it in an ice cave)

   [ring of positive energy]

   Int:       It affects your intelligence (+3).
   rElec:     It insulates you from electricity.
   rN:        It protects you from negative energy.
   Contam:    It causes magical contamination when unequipped.
 K - the ring of Ravit {rN+ Will+ Str+3 Dex+2}
   (You took it off a deep elf death mage on level 3 of the Elven Halls)

   [ring of willpower]

   Str:       It affects your strength (+3).
   Dex:       It affects your dexterity (+2).
   rN:        It protects you from negative energy.
   Will:      It increases your willpower.
 O - the ring of Leaves (right hand) {Will+ rCorr Str+3 Dex-4}
   (You found it on level 14 of the Dungeon)

   [ring of willpower]

   Str:       It affects your strength (+3).
   Dex:       It affects your dexterity (-4).
   rCorr:     It protects you from acid and corrosion.
   Will:      It increases your willpower.
 P - the ring of Suspicion {rPois rF+ Str+4 Int-3}
   (You found it on level 14 of the Dungeon)

   [ring of protection from fire]

   Str:       It affects your strength (+4).
   Int:       It affects your intelligence (-3).
   rF:        It protects you from fire.
   rPois:     It protects you from poison.
Wands
 v - a wand of charming (66)
 w - a wand of acid (33)
 x - a wand of flame (31)
 E - a wand of roots (32)
 T - a wand of digging (20)
Scrolls
 h - 8 scrolls of blinking
 i - 11 scrolls of fog
 k - 4 scrolls of magic mapping
 o - 19 scrolls of teleportation
 r - 6 scrolls of immolation
 t - 9 scrolls of vulnerability
 B - 3 scrolls of silence
 F - 12 scrolls of fear
 N - 5 scrolls of poison
Potions
 c - 10 potions of ambrosia
 e - 22 potions of curing
 f - a potion of berserk rage
 g - 2 potions of brilliance
 q - a potion of magic
 z - 3 potions of mutation
 C - 3 potions of attraction
 H - 4 potions of invisibility
 R - 7 potions of heal wounds
 U - 8 potions of lignification
 X - 4 potions of resistance
 Y - a potion of haste
Miscellaneous
 b - a condenser vane
 j - a lightning rod (4/4)
 m - a phial of floods
 y - a phantom mirror
 Z - a box of beasts


   Skills:
 * Level 23.9 Fighting
 - Level 22.0 Axes
 - Level 9.0 Throwing
 O Level 27 Armour
 - Level 12.0 Dodging
 - Level 2.0 Stealth
 - Level 20.9 Shields
 O Level 27 Invocations
 - Level 14.0 Evocations


You had 24 spell levels left.
You knew the following spells:

 Your Spells              Type           Power      Damage    Failure   Level
a - Wereblood             Tmut           0%         N/A       98%         2

Your spell library contained the following spells:

 Spells                   Type           Power      Damage    Failure   Level
 Apportation              Tloc           0%         N/A       94%         1
 Foxfire                  Conj/Fire      0%         2x1d4     94%         1
 Kiss of Death            Conj/Necr      0%         2d5       94%         1
 Magic Dart               Conj           0%         1d3       94%         1
 Necrotise                Necr           0%         1d4       94%         1
 Slow                     Hex            0%         N/A       94%         1
 Summon Small Mammal      Summ           0%         N/A       94%         1
 Blink                    Tloc           0%         N/A       98%         2
 Call Imp                 Summ           0%         N/A       98%         2
 Cigotuvi's Dreadful Rot  Necr/Pois/Air  0%         N/A       98%         2
 Ensorcelled Hibernation  Hex/Ice        0%         N/A       98%         2
 Lesser Beckoning         Tloc           0%         N/A       98%         2
 Momentum Strike          Conj/Tloc      0%         3d8       98%         2
 Passwall                 Tmut/Erth      0%         N/A       98%         2
 Poisonous Vapours        Pois/Air       0%         N/A       98%         2
 Searing Ray              Conj           0%         2d4       98%         2
 Sublimation of Blood     Necr           0%         N/A       98%         2
 Call Canine Familiar     Summ           0%         N/A       100%        3
 Confusing Touch          Hex            0%         N/A       100%        3
 Dazzling Flash           Conj/Hex       0%         N/A       100%        3
 Frozen Ramparts          Ice            0%         1d1       100%        3
 Gell's Gravitas          Tloc           0%         N/A       100%        3
 Hailstorm                Conj/Ice       0%         3d3       100%        3
 Ignite Poison            Fire/Tmut/Pois 0%         N/A       100%        3
 Inner Flame              Hex/Fire       0%         N/A       100%        3
 Mephitic Cloud           Conj/Pois/Air  0%         N/A       100%        3
 Ozocubu's Armour         Ice            0%         N/A       100%        3
 Portal Projectile        Hex/Tloc       0%         N/A       100%        3
 Stone Arrow              Conj/Erth      0%         3d7       100%        3
 Swiftness                Air            0%         N/A       100%        3
 Teleport Other           Tloc           0%         N/A       100%        3
 Tukima's Dance           Hex            0%         N/A       100%        3
 Vampiric Draining        Necr           0%         2d6       100%        3
 Volatile Blastmotes      Fire/Tloc      0%         2d10      100%        3
 Anguish                  Hex/Necr       0%         N/A       100%        4
 Animate Dead             Necr           0%         N/A       100%        4
 Dispel Undead            Necr           0%         3d6       100%        4
 Flame Wave               Conj/Fire      0%         2d4       100%        4
 Fulminant Prism          Conj/Hex       0%         3d5       100%        4
 Ice Form                 Ice/Tmut       0%         N/A       100%        4
 Iskenderun's Mystic Bla  Conj/Tloc      0%         2d3       100%        4
 Leda's Liquefaction      Hex/Erth       0%         N/A       100%        4
 Manifold Assault         Tloc           0%         N/A       100%        4
 Passage of Golubria      Tloc           0%         N/A       100%        4
 Petrify                  Tmut/Erth      0%         N/A       100%        4
 Sticky Flame             Conj/Fire      0%         2d3       100%        4
 Summon Ice Beast         Ice/Summ       0%         N/A       100%        4
 Agony                    Necr           0%         N/A       100%        5
 Alistair's Intoxication  Tmut/Pois      0%         N/A       100%        5
 Arcjolt                  Conj/Air       0%         1d10      100%        5
 Blade Hands              Tmut           0%         N/A       100%        5
 Borgnjor's Vile Clutch   Necr/Erth      0%         N/A       100%        5
 Fireball                 Conj/Fire      0%         3d3       100%        5
 Freezing Cloud           Conj/Ice/Air   0%         6-21      100%        5
 Irradiate                Conj/Tmut      0%         3d11      100%        5
 Iskenderun's Battlesphe  Conj           0%         2d6       100%        5
 Lee's Rapid Deconstruct  Erth           0%         3d4*      100%        5
 Metabolic Englaciation   Hex/Ice        0%         N/A       100%        5
 Silence                  Hex/Air        0%         N/A       100%        5
 Summon Forest            Summ/Tloc      0%         N/A       100%        5
 Summon Mana Viper        Hex/Summ       0%         N/A       100%        5
 Yara's Violent Unravell  Hex/Tmut       0%         3d3       100%        5
 Conjure Ball Lightning   Conj/Air       0%         3x3d6     100%        6
 Death Channel            Necr           0%         N/A       100%        6
 Dispersal                Tloc           0%         N/A       100%        6
 Eringya's Noxious Bog    Tmut/Pois      0%         N/A       100%        6
 Iron Shot                Conj/Erth      0%         9d1       100%        6
 Plasma Beam              Fire/Air       0%         2x1d11    100%        6
 Statue Form              Tmut/Erth      0%         N/A       100%        6
 Summon Cactus Giant      Summ           0%         N/A       100%        6
 Dragon Form              Tmut           0%         N/A       100%        7
 Enfeeble                 Hex            0%         N/A       100%        7
 Malign Gateway           Summ/Tloc      0%         N/A       100%        7
 Orb of Destruction       Conj           0%         9d5       100%        7
 Ozocubu's Refrigeration  Ice            0%         4d7       100%        7
 Spellforged Servitor     Conj/Summ      0%         N/A       100%        7
 Summon Hydra             Summ           0%         N/A       100%        7
 Disjunction              Tloc           0%         N/A       100%        8
 Ignition                 Fire           0%         3d3       100%        8
 Polar Vortex             Ice            0%         N/A       100%        9


Dungeon Overview and Level Annotations

Branches:
Dungeon (15/15)            Temple (1/1) D:6            Lair (5/5) D:11
 Shoals (4/4) Lair:3        Snake (4/4) Lair:3        Slime (5/5) Lair:4
    Orc (2/2) D:10            Elf (3/3) Orc:2        Vaults (5/5) D:13
  Crypt (0/3) Vaults:2     Depths (4/4) D:15            Zot (5/5) Depths:4
 Bailey (visited)           IceCv (visited)          WizLab (visited)

Altars:
Ashenzari
Cheibriados
Gozag
Kikubaaqudgha
Makhleb
Nemelex Xobeh
Okawaru
Qazlal
Ru
Trog
Uskayaw
Vehumet
Wu Jian
Xom
Yredelemnul
The Shining One
Beogh
Lugonu

Shops:
D:9 !   D:15 (   Orc:2 *((!   Shoals:2 (   Snake:3 :(*   Snake:4 *(
Vaults:1 *   Vaults:4 [!   Depths:1 [   Depths:2 ::=

Portals:
Hell: Depths:1 Depths:2 Depths:3 Depths:4
Abyss: Depths:1 Depths:3
Pandemonium: Depths:2
Ziggurat: Depths:1

Annotations:
D:3 1 runed translucent door
D:7 2 runed translucent doors, bmj180's ghost, novice DrFE
D:11 3 runed translucent doors, KimchiStew's ghost, journeyman DsAr
Lair:4 1 runed translucent door, Felumuvi's ghost, journeyman OpSu
Slime:5 corrupted
Elf:2 3 runed translucent doors
Vaults:5 corrupted
Depths:1 exclusion: eye of devastation
Zot:1 1 runed translucent door, exclusion: 2 downstairs, Odghynix's ghost, master TrAr
Zot:2 exclusions: 2 downstairs and 2 upstairs
Zot:3 exclusions: downstairs and 2 upstairs
Zot:4 exclusions: 2 downstairs and 2 upstairs
Zot:5 6 transporters, corrupted, exclusion: 2 upstairs
Abyss:1 Kirke


Innate Abilities, Weirdness & Mutations

You possess an exceptional clarity of mind.
Your flesh is very heat resistant. (rF++)
Your magical capacity is low. (-10% MP)
You are weak. (Str -2)
You have hidden genetic potential.


Message History

The sixfirhy barely misses you.
You take 7 damage, and have 154/260 hp.
You miss the sixfirhy.
You are engulfed in dark miasma.
You feel sick.
You are no longer poisoned.
You take 1 damage, and have 153/260 hp.
You slice the sixfirhy!!
The sixfirhy is heavily wounded.
The sixfirhy blinks!
You block the sixfirhy's attack.
The sixfirhy hits you but does no damage.
You block the sixfirhy's attack.
You slash the sixfirhy!
The sixfirhy is severely wounded.
The sixfirhy hits you but does no damage.
You barely miss the sixfirhy.
The sixfirhy is severely wounded.
You slice the sixfirhy!!
You kill the sixfirhy!
Lugonu accepts your kill.
You start resting.
You feel yourself speed up.
There is a stone staircase leading up here.
You start resting.
A reaper comes into view. It is wielding a +3 vampiric scythe.
Unknown command.
You climb upwards.
There is a stone staircase leading down here.
Unknown command.
There is a stone staircase leading up here.
You climb upwards.
There is a stone staircase leading down here.
Unknown command.
Unknown command.
HP restored.
There is an open door here.
You open the door.
There is an open door here.
There is an open door here.
There is a staircase leading out of the dungeon here.
You have escaped!

..#))#......'............>.......
..#..##.....###..##..............
#.##'##.....# ##'##...)......[...
.....##.....# #.##..............
...8######### #'##........###.##
.÷÷.# #.########......# .÷..#
##'## ###.####.# ....#
#######...#####........# .÷.÷#
#.'.'.'.@.'.'.'.#.####.## .†..#
#.#####...#####.......... ....#
#....###'## #.#.####.## ÷.._#
###..# #.# ####.#.## #.# #####
##.# #'###.......# #.# ##.# #.#
#.##.....#.####.#
...#########.###'##..##........#
.....................##.#.######
...##.####..............#.#


There were no monsters in sight!

Vanquished Creatures
  the Royal Jelly (Slime:5)
  3 orbs of fire
  Mara (Shoals:3)
  An ancient lich (Zot:5)
  2 dread liches (Zot:5)
  Boris (Depths:3)
  Frederick (Depths:3)
  2 Killer Klowns (Zot:5)
  A curse toe (Zot:3)
  Nikola (Snake:1)
  6 golden dragons
  Jory (Vaults:5)
  A bone dragon (Depths:2)
  Hellbinder (WizLab)
  3 electric golems
  Rupert (D:14)
  8 tentacled monstrosities
  3 liches
  2 deep elf master archers (Elf:3)
  17 Orb Guardians
  A titan (D:14)
  3 deep elf blademasters
  2 quicksilver dragons
  9 sphinxes
  15 acid blobs
  5 death cobs
  3 tentacled starspawn (Depths:1)
  4 shadow dragons
  5 storm dragons
  Donald (Abyss:3)
  4 tengu reavers
  10 azure jellies
  7 rockslimes
  3 draconian monks (Zot:1)
  5 frost giants
  5 nagarajas
  A caustic shrike zombie (Depths:1)
  16 vault wardens
  10 deep elf sorcerers
  2 ghost moths
  2 balrugs (WizLab)
  An orc warlord (D:15)
  3 draconian stormcallers
  Louise (Shoals:3)
  2 iron dragons (Vaults:5)
  3 draconian annihilators
  4 draconian shifters
  16 ironbound preservers
  2 cacodemons (WizLab)
  3 deep elf elementalists (Elf:3)
  17 very ugly things
  A reaper (Abyss:3)
  7 quicksilver oozes
  An ophan (Abyss:3)
  The ghost of senseless the Destroyer, a journeyman DsFE of Vehumet (D:13)
  19 stone giants
  5 ironbound thunderhulks
  A lorocyproca (WizLab)
  2 green draconians
  8 deep elf demonologists
  3 war gargoyles
  2 demonspawn black suns
  2 dire elephants
  5 black draconians
  11 yellow draconians
  2 minotaurs
  2 purple draconians
  A white draconian (Zot:1)
  4 crystal guardians
  15 spark wasps
  5 red draconians
  6 deep elf annihilators (Elf:3)
  Snorg (Lair:4)
  9 deep elf death magi
  9 ettins
  5 fire dragons
  A merfolk javelineer (Shoals:4)
  A green death (Abyss:2)
  3 merfolk impalers
  3 blizzard demons (WizLab)
  Fannar (Lair:3)
  8 yaktaur captains
  10 vault guards
  5 rakshasas
  10 deep elf high priests
  2 spriggan air magi
  2 entropy weavers
  11 ironbound frosthearts
  7 ice dragons
  4 peacekeepers
  4 great orbs of eyes
  7 hydras
  A death knight (D:14)
  A hell beast (D:6)
  3 ogre magi
  8 anacondas
  4 merfolk avatars
  A catoblepas (D:14)
  11 two-headed ogres
  2 alligators (Snake:3)
  9 centaur warriors
  5 satyrs
  17 dancing weapons
  11 naga warriors
  2 alligator snapping turtles (Snake:3)
  4 deep troll shamans
  10 death yaks
  8 tengu warriors
  4 boulder beetles
  A vampire mage (Depths:3)
  10 orc high priests
  10 shock serpents
  A titan zombie (Depths:1)
  10 deep troll earth magi
  5 hell knights (Depths:3)
  2 spriggan berserkers
  Amaemon (Lair:1)
  11 naga sharpshooters
  A fire crab (shapeshifter) (D:15)
  A wretched star (Abyss:2)
  Nergalle (D:11)
  3 skysharks
  2 sun demons
  A shadow wraith (Abyss:3)
  11 deep elf knights
  Lodul (D:11)
  8 iron trolls
  2 sixfirhies
  2 soul eaters
  17 sea snakes
  9 skeletal warriors
  3 goliath frogs (Snake:3)
  2 salamander mystics
  A flayed ghost (Vaults:5)
  2 naga ritualists
  66 deep trolls
  9 lindwurms
  2 phantasmal warriors
  9 wizards
  14 ironbound convokers
  4 deep elf archers
  8 glowing orange brains
  2 orc knights
  A wolf spider (shapeshifter) (Elf:3)
  5 necromancers
  16 deep elf zephyrmancers
  8 mana vipers
  3 orc sorcerers
  A tengu skeleton (Vaults:4)
  25 deep elf pyromancers
  2 wolf spiders
  13 harpies
  14 fauns
  37 ugly things
  9 cyclopes
  14 moths of wrath
  4 merfolk sirens
  13 manticores
  11 elephants
  3 shining eyes
  19 salamanders
  An apocalypse crab (Abyss:3)
  4 starcursed masses (Depths:1)
  6 guardian serpents
  36 black mambas
  An ice statue (IceCv)
  16 vault sentinels
  12 cane toads
  7 smoke demons
  2 water nymphs
  2 torpor snails (Lair:5)
  13 naga magi
  A hellion (WizLab)
  4 orange demons
  A cane toad (shapeshifter) (D:13)
  2 eyes of devastation (Slime:5)
  5 molten gargoyles
  3 gargoyles
  3 centaur skeletons (D:13)
  2 unseen horrors (D:12)
  Psyche (D:9)
  9 komodo dragons
  33 yaktaurs
  9 freezing wraiths
  2 rime drakes
  10 ice devils
  8 tengu conjurers
  3 anaconda simulacra (IceCv)
  4 efreet
  A yaktaur skeleton (Vaults:4)
  3 red devils (WizLab)
  A tormentor (WizLab)
  An ancient zyme (Abyss:3)
  24 merfolk
  8 hornets
  6 trolls
  3 hellwings
  5 wind drakes
  A tarantella (Vaults:3)
  14 dream sheep
  4 polar bears
  10 blink frogs (Lair:5)
  6 snapping turtles
  Prince Ribbit (Bailey)
  4 raiju (Abyss:3)
  78 slime creatures
  3 spriggans
  A culicivora (Vaults:3)
  A spriggan (shapeshifter) (D:13)
  3 air elementals
  2 ynoxinuls
  A shadow (D:10)
  4 wraiths
  A dire elephant simulacrum (IceCv)
  45 yaks
  2 vampires
  7 water elementals
  7 humans (Bailey)
  4 fire bats (Abyss:2)
  A fire bat (shapeshifter) (D:14)
  2 large abominations (Abyss:3)
  9 wyverns
  8 basilisks
  3 chaos spawn
  4 hogs (D:12)
  Grum (D:11)
  A golden eye (Slime:1)
  2 steam dragons
  3 fire elementals
  A redback (shapeshifter) (D:14)
  A spriggan simulacrum (Depths:1)
  5 death yak simulacra (IceCv)
  8 neqoxecs
  A harpy simulacrum (IceCv)
  2 acid dragons
  2 small abominations (Abyss:2)
  12 wargs
  Edmund (D:6)
  44 nagas
  4 hydra simulacra (IceCv)
  24 water moccasins
  2 ice beasts (D:6)
  An ettin simulacrum (Vaults:5)
  21 orc warriors
  2 sky beasts
  3 black bears
  17 ogres
  55 wolves
  5 boggarts (Vaults:1)
  16 centaurs
  2 phantoms
  4 human zombies
  A kobold brigand (D:10)
  4 earth elementals
  17 bullfrogs
  A glowing shapeshifter simulacrum (Vaults:4)
  A cane toad simulacrum (IceCv)
  5 scorpions
  6 wights
  3 killer bees (D:10)
  5 elephant simulacra (IceCv)
  3 howler monkeys
  11 electric eels
  2 hounds
  A lava snake (D:13)
  A gnoll bouda (D:5)
  5 jellies
  35 orc priests
  2 sleepcaps
  18 orc wizards
  4 iguanas
  4 hell rats (Lair:2)
  4 polar bear simulacra (IceCv)
  2 troll simulacra (IceCv)
  5 wolf simulacra (IceCv)
  10 adders
  7 gnolls
  A naga simulacrum (IceCv)
  6 white imps
  3 ufetubi
  103 orcs
  5 ball pythons
  2 bats
  12 endoplasms
  5 giant cockroaches
  13 goblins
  6 hobgoblins
  3 jackals (D:1)
  5 quokkas
  3 frilled lizards
  A goblin skeleton (D:3)
  A jackal zombie (D:3)
  9 kobolds
  5 rats
  4 starspawn tentacles
  A tentacle (Shoals:2)
2022 creatures vanquished.

Vanquished Creatures (collateral kills)
  Sojobo (Depths:1)
  A titan (Vaults:5)
  A frost giant (Depths:1)
  2 deep elf annihilators
  2 great orbs of eyes (Slime:5)
  A merfolk aquamancer (Shoals:3)
  A guardian serpent (shapeshifter) (Vaults:5)
  A merfolk (Shoals:3)
  A deep troll skeleton (Vaults:5)
  A water elemental (Shoals:3)
12 creatures vanquished.

Vanquished Creatures (others)
  An ancient lich (Zot:5)
  3 dread liches (Zot:5)
  A Killer Klown (Zot:5)
  A golden dragon (Vaults:5)
  A tentacled monstrosity (Zot:5)
  A titan (Vaults:5)
  5 Orb Guardians (Zot:5)
  A quicksilver dragon (Vaults:5)
  An acid blob (Slime:5)
  A storm dragon (Vaults:5)
  A sphinx (Vaults:5)
  2 tengu reavers (Vaults:5)
  An azure jelly (Slime:5)
  3 vault wardens (Vaults:5)
  A fire giant (Depths:3)
  2 deep elf sorcerers (Vaults:5)
  A draconian annihilator (Zot:2)
  A draconian scorcher (Zot:3)
  3 quicksilver oozes (Slime:5)
  A very ugly thing (Vaults:5)
  A stone giant (Vaults:5)
  A green draconian (Zot:5)
  A purple draconian (Zot:5)
  A deep elf annihilator (Vaults:5)
  2 ettins (Vaults:5)
  2 yaktaur captains (Vaults:5)
  A deep elf high priest (Vaults:5)
  26 vault guards (Vaults:5)
  An ironbound frostheart (Vaults:5)
  An ogre mage (Vaults:5)
  A deep troll earth mage (Vaults:5)
  A dancing weapon (Elf:1)
  2 deep elf knights
  A deep elf archer (Vaults:5)
  An ironbound convoker (Vaults:5)
  An orange crystal statue (Zot:5)
  A necromancer (Vaults:5)
  A deep elf pyromancer (Vaults:5)
  2 phantasmal warriors (Vaults:5)
  A shining eye (Slime:5)
  A shining eye (shapeshifter) (Vaults:5)
  A moth of wrath (Zot:5)
  A guardian serpent (Abyss:3)
  3 vault sentinels (Vaults:5)
  A merfolk (Shoals:3)
  A raiju (Abyss:3)
  3 slime creatures (Slime:5)
  A redback (shapeshifter) (Vaults:5)
  2 nagas (Snake:4)
  A swamp worm (shapeshifter) (Vaults:5)
  Crazy Yiuf (D:3)
  An orc priest (D:14)
  4 orcs
  5 foxfires (Slime:5)
  27 starspawn tentacles
  3 tentacles (Shoals:2)
137 creatures vanquished.

Grand Total: 2171 creatures vanquished

Notes
Turn   | Place    | Note
-------+----------+-------------------------------------------
     0 | D:1      | KimchiStew the Hill Orc Monk began the quest for the Orb.
     0 | D:1      | Reached XP level 1. HP: 19/19 MP: 1/1
    51 | D:1      | Reached XP level 2. HP: 21/27 MP: 2/2
   273 | D:1      | Found a faded altar of an unknown god.
   583 | D:1      | Reached skill level 5 in Axes
   616 | D:1      | Reached XP level 3. HP: 27/33 MP: 3/3
   927 | D:2      | Learned a level 2 spell: Wereblood
  1281 | D:2      | Reached XP level 4. HP: 37/41 MP: 4/4
  1441 | D:3      | Found a sparkling altar of Nemelex Xobeh.
  1442 | D:3      | Found a snail-covered altar of Cheibriados.
  1443 | D:3      | Found a radiant altar of Vehumet.
  1445 | D:3      | Found a glowing golden altar of the Shining One.
  1756 | D:3      | Reached XP level 5. HP: 46/47 MP: 5/5
  1863 | D:3      | Found a burning altar of Makhleb.
  1902 | D:3      | Found a runed translucent door.
  1902 | D:3      | Noticed a human
  1963 | D:3      | Reached skill level 5 in Fighting
  2279 | D:3      | HP: 1/48 [orc/+2 flail of holy wrath (13)]
  2728 | D:3      | Found a basalt altar of Yredelemnul.
  2926 | D:4      | Noticed a phantom
  2936 | D:4      | Killed a phantom
  2937 | D:4      | Reached XP level 6. HP: 50/56 MP: 6/6
  3195 | D:4      | Noticed a black bear
  3213 | D:4      | Killed a black bear
  3214 | D:4      | Reached XP level 7. HP: 63/63 MP: 7/7
  3685 | D:5      | Entered Level 5 of the Dungeon
  3975 | D:5      | Identified a scroll of acquirement
  4008 | D:5      | Reached skill level 10 in Axes
  4148 | D:5      | Found a runed translucent door.
  4149 | D:5      | Noticed Crazy Yiuf
  4225 | D:5      | Found a broken altar of Ashenzari.
  4225 | D:5      | Found a sacrificial altar of Ru.
  4276 | D:5      | Reached XP level 8. HP: 61/73 MP: 8/8
  4298 | D:5      | Reached skill level 1 in Armour
  4853 | D:6      | Reached skill level 1 in Stealth
  5038 | D:6      | Found a staircase to the Ecumenical Temple.
  5195 | D:6      | Got the Folio of the Vehement Gang
  5204 | Temple   | Entered the Ecumenical Temple
  5219 | Temple   | Became a worshipper of Warmaster Okawaru
  5219 | Temple   | Reached * piety under Okawaru
  5219 | Temple   | Reached ** piety under Okawaru
  5374 | D:6      | Reached XP level 9. HP: 78/81 MP: 9/9
  5540 | D:6      | Noticed Edmund
  5556 | D:6      | Killed Edmund
  6021 | D:7      | Found a large runed translucent door.
  6021 | D:7      | Found a large runed translucent door.
  6026 | D:7      | Noticed bmj180's ghost (novice DrFE)
  6198 | D:7      | Reached *** piety under Okawaru
  6344 | D:7      | Noticed a hornet
  6354 | D:7      | Killed a hornet
  6355 | D:7      | Reached skill level 5 in Armour
  6808 | D:7      | Noticed a red ugly thing
  6820 | D:7      | Killed a red ugly thing
  6821 | D:7      | Reached XP level 10. HP: 76/92 MP: 10/10
  7364 | D:8      | Reached **** piety under Okawaru
  7467 | D:8      | Acquired 624 gold pieces
  7479 | D:8      | Reached skill level 10 in Fighting
  8370 | D:9      | Noticed Psyche
  8379 | D:9      | Killed Psyche
  8554 | D:9      | Found Qetwo Vaa's Distillery.
  8558 | D:9      | Bought a potion of resistance for 120 gold pieces
  8558 | D:9      | Bought 2 potions of heal wounds for 120 gold pieces
  8558 | D:9      | Bought a potion of mutation for 96 gold pieces
  8741 | D:9      | Reached skill level 15 in Axes
  8741 | D:9      | Reached skill level 5 in Dodging
  8854 | D:10     | Entered Level 10 of the Dungeon
  9043 | D:10     | Found a flagged portal.
  9071 | Bailey   | Entered a bailey
  9159 | Bailey   | Reached XP level 11. HP: 84/99 MP: 11/11
  9180 | Bailey   | Reached ***** piety under Okawaru
  9257 | Bailey   | Noticed a vault guard
  9262 | Bailey   | Reached skill level 1 in Invocations
  9283 | Bailey   | Killed a vault guard
  9474 | Bailey   | Noticed Prince Ribbit
  9474 | Bailey   | Noticed a vault guard
  9486 | Bailey   | Killed a vault guard
  9493 | Bailey   | Killed Prince Ribbit
  9591 | D:10     | Reached skill level 5 in Invocations
  9691 | D:10     | Found a staircase to the Orcish Mines.
  9697 | D:10     | Found a roughly hewn altar of Beogh.
  9722 | D:10     | Acquired 725 gold pieces
 10131 | D:11     | Noticed Nergalle
 10165 | D:11     | Killed Nergalle
 10165 | D:11     | Received a gift from Okawaru
 10187 | D:11     | Noticed a two-headed ogre
 10203 | D:11     | Killed a two-headed ogre
 10204 | D:11     | Reached skill level 1 in Throwing
 10346 | D:11     | Noticed Grum
 10357 | D:11     | Killed Grum
 10359 | D:11     | Noticed a death yak
 10367 | D:11     | Killed a death yak
 10367 | D:11     | Received a gift from Okawaru
 10422 | D:11     | Found a staircase to the Lair.
 10458 | D:11     | Noticed a two-headed ogre
 10466 | D:11     | Killed a two-headed ogre
 10467 | D:11     | Reached XP level 12. HP: 90/107 MP: 18/18
 10665 | D:11     | Noticed Lodul
 10681 | D:11     | Found a runed translucent gate.
 10682 | D:11     | Found a runed translucent gate.
 10683 | D:11     | Found a runed translucent gate.
 10690 | D:11     | Killed Lodul
 10729 | D:11     | Found an opulent altar of Gozag.
 10739 | D:11     | Noticed KimchiStew's ghost (journeyman DsAr)
 10922 | D:11     | Noticed a two-headed ogre
 10928 | D:11     | Killed a two-headed ogre
 10929 | D:11     | Reached skill level 10 in Dodging
 11136 | Lair:1   | Entered Level 1 of the Lair of Beasts
 11264 | Lair:1   | Identified the +4 battleaxe "Biwuleq" {elec, rF+ Will+
                  | Dex+3} (Okawaru gifted it to you on level 1 of the Lair of
                  | Beasts)
 11264 | Lair:1   | Received a gift from Okawaru
 11304 | Lair:1   | Identified the +0 ring mail "Gacoenah" {rN+ Will+}
 11534 | Lair:1   | Noticed Amaemon
 11765 | Lair:1   | Killed Amaemon
 11765 | Lair:1   | Reached ****** piety under Okawaru
 11893 | Lair:2   | Reached XP level 13. HP: 110/115 MP: 20/20
 11926 | Lair:2   | Found a frozen archway.
 11941 | Lair:2   | Received a gift from Okawaru
 11947 | IceCv    | Entered an ice cave
 11957 | IceCv    | Reached skill level 10 in Invocations
 12435 | IceCv    | Found an ancient bone altar of Kikubaaqudgha.
 12439 | IceCv    | Reached skill level 5 in Throwing
 12726 | IceCv    | Received a gift from Okawaru
 12825 | IceCv    | Received a gift from Okawaru
 12940 | IceCv    | Identified the ring "Bumah" {Contam rElec rN+ Int+3}
 13326 | Lair:2   | Identified the amulet "Orikkoon" {Reflect rC+ Dex+3 SH+5}
 13735 | Lair:3   | Found a staircase to the Snake Pit.
 13751 | Lair:3   | Received a gift from Okawaru
 13826 | Lair:3   | Identified the +3 buckler of Datagrod {rPois} (Okawaru
                  | gifted it to you on level 3 of the Lair of Beasts)
 13826 | Lair:3   | Received a gift from Okawaru
 13886 | Lair:3   | Noticed Fannar
 13907 | Lair:3   | Killed Fannar
 13908 | Lair:3   | Reached XP level 14. HP: 127/127 MP: 21/21
 13960 | Lair:3   | Found a staircase to the Shoals.
 14830 | Lair:4   | Noticed Snorg
 14843 | Lair:4   | Killed Snorg
 14865 | Lair:4   | Received a gift from Okawaru
 14909 | Lair:4   | Found a runed translucent door.
 14909 | Lair:4   | Found a shimmering altar of Xom.
 14909 | Lair:4   | Noticed Felumuvi's ghost (journeyman OpSu)
 15250 | Lair:4   | Found a staircase to the Slime Pits.
 15417 | Lair:4   | Noticed a dire elephant
 15439 | Lair:4   | Found a runed translucent door.
 15485 | Lair:4   | Killed a dire elephant
 15502 | Lair:4   | Identified the +1 crystal plate armour of Trial and Error
                  | {rCorr}
 15587 | Lair:5   | Entered Level 5 of the Lair of Beasts
 15590 | Lair:5   | Acquired 709 gold pieces
 15953 | Lair:5   | Reached XP level 15. HP: 118/138 MP: 22/22
 16105 | Lair:5   | Got the Omnibus of Flesh
 16265 | Lair:5   | Received a gift from Okawaru
 16622 | Lair:5   | Identified the +1 trident of Valiance {protect, *Corrode
                  | Will+ Str+2 Int+5}
 16692 | Lair:5   | Reached skill level 15 in Fighting
 16829 | Orc:1    | Entered Level 1 of the Orcish Mines
 17191 | Orc:2    | Entered Level 2 of the Orcish Mines
 17546 | Orc:2    | Found a staircase to the Elven Halls.
 17684 | Orc:2    | Found Rohute's Weapon Boutique.
 17684 | Orc:2    | Found Hysuon's Assorted Antiques.
 17701 | Orc:2    | Bought a runed broad axe for 231 gold pieces
 17890 | Orc:2    | Found Esurhiw's Distillery.
 17890 | Orc:2    | Found Anicurosse's Antique Weapon Shoppe.
 17897 | Orc:2    | Noticed Donald
 17907 | Orc:2    | Found a roughly hewn altar of Beogh.
 17935 | Abyss:2  | Cast into level 2 of the Abyss (Donald)
 18024 | Abyss:2  | Noticed a bone dragon
 18027 | Abyss:2  | Found a corrupted altar of Lugonu.
 18036 | Abyss:2  | Fell from the grace of Okawaru
 18036 | Abyss:2  | Became a worshipper of Lugonu the Unformed
 18036 | Abyss:2  | Reached * piety under Lugonu
 18036 | Abyss:2  | Reached ** piety under Lugonu
 18091 | Orc:2    | Escaped the Abyss
 18554 | D:12     | Noticed Kirke
 18584 | D:12     | Noticed a sphinx
 18598 | D:12     | Banished Kirke
 18853 | D:12     | Reached skill level 10 in Armour
 18932 | D:12     | Banished a deep elf blademaster
 19201 | D:12     | Found a portal to a secret trove of treasure.
 19316 | D:12     | Reached *** piety under Lugonu
 19374 | D:12     | Found a hide-covered altar of Uskayaw.
 19715 | D:13     | Found a runed translucent door.
 19727 | D:13     | Noticed senseless's ghost (journeyman DsFE)
 19768 | D:13     | Reached XP level 16. HP: 88/149 MP: 23/23
 20034 | D:13     | Banished a deep elf blademaster
 20740 | D:13     | Identified the +3 mace of Dedonk {speed, Str+3 Dex+2}
 20833 | D:13     | Reached skill level 1 in Shields
 20975 | D:13     | Reached skill level 1 in Evocations
 20983 | D:13     | Noticed a deep elf blademaster
 21320 | D:13     | Killed a deep elf blademaster
 21590 | D:13     | Banished a deep elf blademaster
 21590 | D:13     | Banished a deep elf blademaster
 21685 | D:12     | Banished a deep elf blademaster
 21685 | D:12     | Banished a titan
 21685 | D:12     | Banished a titan
 22135 | D:13     | Found a gate to the Vaults.
 22235 | D:13     | Killed senseless's ghost
 22245 | D:13     | Got Edwuewie's Omnibus of Lithomancy
 22312 | D:14     | Noticed a titan
 22320 | D:14     | Killed a titan
 22833 | D:14     | Found a transporter.
 22844 | D:14     | Noticed a sphinx
 22845 | D:14     | Noticed a sphinx
 22860 | D:14     | Reached **** piety under Lugonu
 22860 | D:14     | Killed a sphinx
 22862 | D:14     | Killed a sphinx
 23160 | D:14     | Found a transporter.
 23209 | D:14     | Identified the ring of Leaves {Will+ rCorr Str+3 Dex-4}
 23216 | D:14     | Identified the ring of Suspicion {rPois rF+ Str+4 Int-3}
 23271 | D:14     | Banished a deep elf blademaster
 23271 | D:14     | Banished a titan
 23447 | D:14     | Noticed Rupert
 23473 | D:14     | Killed Rupert
 23816 | D:14     | Banished a deep elf master archer
 23816 | D:14     | Banished a titan
 23989 | D:15     | Entered Level 15 of the Dungeon
 24243 | D:15     | Reached ***** piety under Lugonu
 24244 | D:15     | Reached XP level 17. HP: 130/159 MP: 26/26
 24251 | D:15     | Reached skill level 5 in Shields
 24257 | D:15     | Noticed a titan
 24257 | D:15     | Banished a titan
 24546 | D:15     | Found Zeast's Weapon Boutique.
 24604 | D:15     | Noticed a titan
 24641 | D:15     | Banished a titan
 25079 | D:15     | Found a staircase to the Depths.
 25246 | D:15     | Reached skill level 5 in Evocations
 25664 | Orc:2    | Bought a potion of heal wounds for 55 gold pieces
 25664 | Orc:2    | Bought a potion of curing for 33 gold pieces
 25790 | Orc:2    | Banished Donald
 26041 | Snake:1  | Entered Level 1 of the Snake Pit
 26115 | Snake:1  | Found a bloodstained altar of Trog.
 26388 | Snake:1  | You fall into a shaft and drop 1 floor!
 26400 | Snake:2  | Found an opulent altar of Gozag.
 26979 | Snake:1  | Noticed Nikola
 26994 | Snake:1  | HP: 5/160 [Nikola/arc of chain lightning (47)]
 27010 | Snake:1  | Killed Nikola
 27514 | Snake:2  | Banished a deep elf master archer
 27514 | Snake:2  | Banished a titan
 27514 | Snake:2  | Was forgiven by Okawaru
 27923 | Snake:3  | Found Xeegh's Book Shoppe.
 27925 | Snake:3  | Found Deroexzo's Antique Weapon Emporium.
 27927 | Snake:3  | Found Ofroet's General Store.
 28299 | Snake:3  | Reached XP level 18. HP: 136/169 MP: 28/28
 28894 | Snake:3  | Reached skill level 15 in Armour
 28904 | Snake:3  | Reached ****** piety under Lugonu
 29138 | Snake:4  | Entered Level 4 of the Snake Pit
 29379 | Snake:4  | Found Sured's Weapon Shoppe.
 29379 | Snake:4  | Found Petocyukk's Assorted Antiques.
 29405 | Snake:4  | Bought a potion of curing for 57 gold pieces
 29405 | Snake:4  | Bought a potion of curing for 57 gold pieces
 31496 | Snake:4  | Got a serpentine rune of Zot
 31668 | Shoals:1 | Entered Level 1 of the Shoals
 31696 | Shoals:1 | Acquired a manual of Fighting
 32287 | Shoals:2 | Found Jeberaj's Antique Weapon Boutique.
 32494 | Shoals:2 | Reached XP level 19. HP: 179/179 MP: 30/30
 32949 | Shoals:2 | Reached skill level 15 in Invocations
 33515 | Shoals:3 | Noticed Mara
 33532 | Shoals:3 | Noticed KimchiStew's illusion
 33543 | Shoals:3 | Noticed KimchiStew's illusion
 33551 | Shoals:3 | Killed Mara
 33996 | Shoals:3 | Reached skill level 10 in Shields
 34118 | Shoals:3 | Noticed Louise
 34131 | Shoals:3 | Killed Louise
 34443 | Shoals:4 | Entered Level 4 of the Shoals
 34838 | Shoals:4 | Got Sif Muna's Tome of Breath and Toxicity
 34842 | Shoals:4 | Identified the ring "Cosa" {MP+9 EV+5 Int+6}
 34897 | Shoals:4 | Paralysed by a sphinx for 5 turns
 34945 | Shoals:4 | Got a barnacled rune of Zot
 34980 | Shoals:4 | Identified the +5 rapier "Zuyriter" {freeze, rElec rPois
                  | rF- Dex+2}
 34982 | Shoals:4 | Identified the +8 plate armour of the Valley of Death {rN+}
 35386 | Vaults:1 | Entered Level 1 of the Vaults
 35814 | Vaults:1 | Reached XP level 20. HP: 118/187 MP: 31/31
 35938 | Vaults:1 | Found Xuosiut's General Store.
 35970 | Vaults:1 | Bought a scroll of magic mapping for 120 gold pieces
 36370 | Vaults:1 | Got the Elucidation of Helpful Composition
 36420 | Vaults:1 | Identified the +0 leather armour of the Ward {*Slow Will+
                  | Regen+ rCorr}
 36691 | Vaults:1 | Got Hukofo's Incunable of Damaging Summoning
 38105 | Vaults:2 | Identified a +7 executioner's axe of distortion (a +5
                  | executioner's axe of flaming corrupted by Lugonu)
 38105 | Vaults:2 | Received a gift from Lugonu
 38196 | Vaults:2 | Found a staircase to the Crypt.
 38196 | Vaults:2 | Found an ancient bone altar of Kikubaaqudgha.
 38196 | Vaults:2 | Found a basalt altar of Yredelemnul.
 39391 | Vaults:3 | Reached XP level 21. HP: 154/194 MP: 29/32
 40311 | Vaults:2 | Reached skill level 15 in Shields
 40339 | Vaults:3 | Identified the +1 cloak of Darkness {*Slow +Blink +Inv
                  | rElec}
 41614 | Vaults:4 | Found Matel's Distillery.
 41622 | Vaults:4 | Bought a potion of haste for 170 gold pieces
 41622 | Vaults:4 | Bought a potion of curing for 51 gold pieces
 41622 | Vaults:4 | Bought 2 potions of heal wounds for 170 gold pieces
 41622 | Vaults:4 | Bought a potion of curing for 51 gold pieces
 41622 | Vaults:4 | Bought a potion of heal wounds for 85 gold pieces
 41622 | Vaults:4 | Bought a potion of haste for 170 gold pieces
 41622 | Vaults:4 | Bought a potion of heal wounds for 85 gold pieces
 41622 | Vaults:4 | Bought a potion of mutation for 136 gold pieces
 41852 | Vaults:4 | Found Siculax's Antique Armour Boutique.
 41859 | Vaults:4 | Bought a glowing helmet for 307 gold pieces
 43530 | Elf:1    | Entered Level 1 of the Elven Halls
 43546 | Elf:1    | Reached XP level 22. HP: 173/202 MP: 33/33
 43995 | Elf:1    | Paralysed by an air elemental for 1 turns
 44762 | Elf:2    | Acquired a manual of Invocations
 44988 | Elf:2    | Found a runed translucent gate.
 44989 | Elf:2    | Found a runed translucent gate.
 44989 | Elf:2    | Found a runed translucent gate.
 45019 | Elf:3    | Entered Level 3 of the Elven Halls
 45020 | Elf:3    | Paralysed by an air elemental for 1 turns
 45563 | Elf:3    | Identified the ring "Renwuer" {rF+ Int+6}
 45647 | Abyss:2  | Cast into level 2 of the Abyss (a deep elf sorcerer)
 45649 | Elf:3    | Escaped the Abyss
 45854 | Orc:2    | Bought a potion of attraction for 33 gold pieces
 45854 | Orc:2    | Bought 2 potions of attraction for 66 gold pieces
 45955 | D:9      | Bought a potion of curing for 36 gold pieces
 45955 | D:9      | Bought 2 potions of attraction for 72 gold pieces
 46215 | Elf:3    | Identified the +1 glaive of the Reaper {vamp, Fly}
 46247 | Elf:3    | Identified the ring of Ravit {rN+ Will+ Str+3 Dex+2}
 46247 | Elf:3    | Identified the ring of Lugonu's Supremacy {rElec rF- rCorr
                  | Int+7 Slay+4}
 46330 | Elf:3    | Identified the +5 scale mail "Dennaic" {Str+2}
 46364 | Elf:3    | Identified the +7 shortbow of Ambiguity {drain, *Corrode
                  | rElec rC+ Will+}
 46443 | Elf:3    | Identified the amulet "Weurch Vaoc" {RegenMP Will++ Int+3}
 46612 | Elf:3    | Got Sif Muna's Vademecum on the Fluctuating Pyre
 47037 | Depths:1 | Entered Level 1 of the Depths
 47072 | Depths:1 | Found Lellir's Antique Armour Shop.
 47098 | Depths:1 | Bought the +3 pair of mountain boots {steadfast, rC+} for
                  | 670 gold pieces
 47098 | Depths:1 | Found the +3 pair of mountain boots {steadfast, rC+}
 47191 | Depths:1 | Found a one-way gateway to a ziggurat.
 47221 | Depths:1 | Reached XP level 23. HP: 198/217 MP: 35/35
 47313 | Depths:1 | Noticed Sojobo
 47327 | Depths:1 | Paralysed by an air elemental for 1 turns
 47336 | Depths:1 | Paralysed by an air elemental for 1 turns
 47349 | Depths:1 | Killed Sojobo
 47702 | Depths:1 | Found a gateway to Hell.
 47714 | Depths:1 | Identified the +1 falchion "Usoest" {freeze, +Blink rN++
                  | rCorr Str-5}
 48161 | Depths:1 | Found a corrupted altar of Lugonu.
 48175 | Depths:1 | Found a one-way gate to the infinite horrors of the Abyss.
 48176 | Depths:1 | Found a corrupted altar of Lugonu.
 48179 | Depths:1 | Found the +8 demon trident "Rift" {distort, reach+}
 48272 | Depths:1 | Found a corrupted altar of Lugonu.
 48499 | Depths:2 | Noticed a caustic shrike
 48499 | Depths:2 | Noticed a caustic shrike
 48499 | Depths:2 | Found a hide-covered altar of Uskayaw.
 48572 | Depths:1 | Banished a caustic shrike
 48573 | Depths:1 | Banished a caustic shrike
 49024 | Depths:2 | Noticed a caustic shrike
 49038 | Depths:2 | Banished a caustic shrike
 49215 | Depths:2 | Identified the staff of fire "Qyus" {rF+ rCorr Stlth+}
 49351 | Depths:2 | Identified the +7 mace of Tenacity {venom, Fly rC- rCorr}
 49444 | Depths:2 | Found a one-way gate leading to the halls of Pandemonium.
 49720 | Depths:2 | Found an ancient bone altar of Kikubaaqudgha.
 49930 | Depths:2 | Identified the +0 leather armour of Narrow Lucidity {-Cast
                  | rPois Regen+ Dex+6}
 49986 | Depths:2 | Found Ycwusi's Jewellery Emporium.
 49986 | Depths:2 | Found Funi's Book Shop.
 49987 | Depths:2 | Found Soeg Xiw's Book Shop.
 50276 | Depths:3 | Noticed Boris
 50290 | Depths:3 | Killed Boris
 50324 | Depths:3 | Found a magical portal.
 50333 | WizLab   | Entered The Hall of the Hellbinder
 50597 | WizLab   | Reached XP level 24. HP: 222/226 MP: 37/37
 50714 | WizLab   | Identified the ring "Jidauseafe" {Contam Fly rCorr MP+9
                  | Dex+5}
 50898 | WizLab   | Found a burning altar of Makhleb.
 50915 | WizLab   | Noticed Qitwouf
 50944 | WizLab   | Killed Qitwouf the Hellbinder
 51228 | WizLab   | Identified the ring of Past Mistakes {Ice rPois rN+}
 51231 | WizLab   | Identified the +4 cloak "Tajoavugh" {MP-9 Int+2 Dex+3 SInv
                  | Stlth+}
 51660 | Depths:3 | Noticed Frederick
 52111 | Depths:3 | Killed Frederick
 52334 | Depths:3 | Identified the ring of the Howling Genius {rF+ rC+ Int-3
                  | Dex+6}
 52347 | Depths:3 | Identified the staff of air "Quacran" {*Slow rElec rN+
                  | Str+6}
 52354 | Depths:3 | Found the +12 glaive of Prune {freeze, Prune}
 52354 | Depths:3 | Found the +12 pair of quick blades "Gyre" and "Gimble"
                  | {protect}
 52499 | Depths:4 | Entered Level 4 of the Depths
 52509 | Depths:4 | Noticed a caustic shrike
 52509 | Depths:4 | Noticed a caustic shrike
 52509 | Depths:4 | Noticed a caustic shrike
 52510 | Depths:4 | Noticed a caustic shrike
 52513 | Depths:4 | Banished a caustic shrike
 52514 | Depths:4 | Banished a caustic shrike
 52516 | Depths:4 | Banished a caustic shrike
 52520 | Depths:4 | Banished a caustic shrike
 52923 | Depths:4 | Found a gate to the Realm of Zot.
 54780 | Vaults:5 | Entered Level 5 of the Vaults
 54781 | Vaults:5 | Corrupted Vaults:5
 55042 | Vaults:5 | Identified the ring "Imagenk" {rC+ MP+9 Dex+2}
 55338 | Vaults:5 | Reached XP level 25. HP: 229/229 MP: 38/38
 55367 | Vaults:5 | Noticed Jory
 55416 | Vaults:5 | Killed Jory
 55753 | Vaults:5 | Identified the +0 chain mail "Cakowo" {+Inv rC+}
 56196 | Vaults:5 | Got the Notes on the Non-Euclidean Tundra
 56197 | Vaults:5 | Identified the staff of fire "Teach" {rF+ rC+ Stlth+}
 56202 | Vaults:5 | Got a silver rune of Zot
 56686 | Slime:1  | Entered Level 1 of the Pits of Slime
 57224 | Slime:3  | Gained mutation: You are vulnerable to heat. (rF-) [a
                  | shining eye]
 57330 | Slime:5  | Entered Level 5 of the Pits of Slime
 57543 | Slime:5  | Found the +6 lightning scales {swift, rElec}
 57545 | Slime:5  | Noticed the Royal Jelly
 57560 | Slime:5  | Reached skill level 27 in Armour
 57567 | Slime:5  | Corrupted Slime:5
 57570 | Slime:5  | Killed the Royal Jelly
 57714 | Slime:5  | Lost mutation: You are vulnerable to heat. (rF-) [potion of
                  | mutation]
 57714 | Slime:5  | Gained mutation: Your muscles are strong. (Str +4, Int/Dex
                  | -1) [potion of mutation]
 57714 | Slime:5  | Gained mutation: Your system is resistant to poisons.
                  | (rPois) [potion of mutation]
 57714 | Slime:5  | Gained mutation: Your muscles are very strong. (Str +8,
                  | Int/Dex -2) [potion of mutation]
 57827 | Slime:5  | Got Sif Muna's Monograph on the Undead Tundra
 57833 | Slime:5  | Identified the +3 ring mail of Autumn {Regen+ SInv}
 57860 | Slime:5  | Got a slimy rune of Zot
 57861 | Slime:5  | Identified the +10 chain mail "Kakuolom" {rCorr Str+5 Dex-3
                  | Stlth+}
 57910 | Slime:5  | Identified the staff of air "Huischi" {rElec rF+ rN+ Will+}
 58372 | Depths:1 | Voluntarily entered the Abyss.
 58544 | Abyss:3  | Killed Donald
 58549 | Depths:1 | Escaped the Abyss
 58666 | Depths:1 | Voluntarily entered the Abyss.
 58749 | Abyss:3  | Found a corrupted altar of Lugonu.
 58961 | Abyss:3  | Gained mutation: Your body sometimes deteriorates upon
                  | taking damage. [a neqoxec]
 58963 | Abyss:3  | Gained mutation: You are frail. (-10% HP) [a neqoxec]
 58968 | Abyss:3  | Gained mutation: You are clumsy. (Dex -2) [a neqoxec]
 58979 | Abyss:3  | Reached skill level 10 in Evocations
 59007 | Abyss:3  | Got an abyssal rune of Zot
 59023 | Depths:1 | Escaped the Abyss
 59471 | D:12     | You showed the slimy rune of Zot to enter a treasure trove
 59472 | Trove    | Entered a treasure trove
 59528 | Trove    | Got Quirgh's Secrets of Forceful Topology
 59837 | Zot:1    | Entered Level 1 of the Realm of Zot
 59903 | Zot:1    | Reached XP level 26. HP: 180/221 MP: 39/39
 60431 | Zot:1    | Noticed Odghynix's ghost (master TrAr)
 60434 | Zot:1    | Found a runed translucent door.
 61810 | Zot:3    | Lost mutation: Your muscles are very strong. (Str +8,
                  | Int/Dex -2) [potion of mutation]
 61810 | Zot:3    | Lost mutation: Your body sometimes deteriorates upon taking
                  | damage. [potion of mutation]
 61810 | Zot:3    | Gained mutation: You possess an exceptional clarity of
                  | mind. [potion of mutation]
 61810 | Zot:3    | Gained mutation: You have an increased reservoir of magic.
                  | (+10% MP) [potion of mutation]
 61930 | Zot:4    | Found a stormy altar of Qazlal.
 61990 | Zot:4    | Identified the -1 cloak "Yka Ysk" {rCorr Stlth+}
 62023 | Zot:4    | Noticed an orb of fire
 62038 | Zot:4    | Lost mutation: You possess an exceptional clarity of mind.
                  | [an orb of fire]
 62044 | Zot:4    | Killed an orb of fire
 62095 | Zot:4    | Lost mutation: You are clumsy. (Dex -2) [potion of
                  | mutation]
 62095 | Zot:4    | Lost mutation: You have an increased reservoir of magic.
                  | (+10% MP) [potion of mutation]
 62095 | Zot:4    | Gained mutation: Your movements are slightly less
                  | encumbered by armour. (ER -2) [potion of mutation]
 62095 | Zot:4    | Gained mutation: You have an increased reservoir of magic.
                  | (+10% MP) [potion of mutation]
 62111 | Zot:5    | Entered Level 5 of the Realm of Zot
 62111 | Zot:5    | Found a transporter.
 62116 | Zot:5    | Found a transporter.
 62138 | Zot:5    | Found a transporter.
 62143 | Zot:5    | Found a transporter.
 62346 | Zot:5    | Found a transporter.
 62350 | Zot:5    | Found a transporter.
 62736 | Zot:5    | Corrupted Zot:5
 62749 | Zot:5    | Killed a Killer Klown
 62784 | Zot:5    | Killed a dread lich
 62809 | Zot:5    | Killed a dread lich
 62811 | Zot:5    | Killed an ancient lich
 62868 | Zot:5    | Noticed an orb of fire
 62892 | Zot:5    | Gained mutation: You occasionally lose the ability to drink
                  | potions when taking damage. [an orb of fire]
 62895 | Zot:5    | Gained mutation: You sometimes lose your temper in combat.
                  | [an orb of fire]
 62896 | Zot:5    | Killed a dread lich
 62897 | Zot:5    | Gained mutation: You do not regenerate when monsters are
                  | visible. [an orb of fire]
 62909 | Zot:5    | Killed an orb of fire
 62912 | Zot:5    | Lost mutation: Your muscles are strong. (Str +4, Int/Dex
                  | -1) [potion of mutation]
 62912 | Zot:5    | Lost mutation: Your movements are slightly less encumbered
                  | by armour. (ER -2) [potion of mutation]
 62912 | Zot:5    | Lost mutation: You are frail. (-10% HP) [potion of
                  | mutation]
 62912 | Zot:5    | Gained mutation: You are frail. (-10% HP) [potion of
                  | mutation]
 62912 | Zot:5    | Gained mutation: You are agile. (Dex +4, Str/Int -1)
                  | [potion of mutation]
 62913 | Zot:5    | Lost mutation: You occasionally lose the ability to drink
                  | potions when taking damage. [potion of mutation]
 62913 | Zot:5    | Lost mutation: Your system is resistant to poisons. (rPois)
                  | [potion of mutation]
 62913 | Zot:5    | Lost mutation: You are frail. (-10% HP) [potion of
                  | mutation]
 62913 | Zot:5    | Gained mutation: Potions are less effective at restoring
                  | your health. [potion of mutation]
 62913 | Zot:5    | Gained mutation: You passively map a small area around you.
                  | [potion of mutation]
 62914 | Zot:5    | Lost mutation: You passively map a small area around you.
                  | [potion of mutation]
 62914 | Zot:5    | Lost mutation: You are agile. (Dex +4, Str/Int -1) [potion
                  | of mutation]
 62914 | Zot:5    | Gained mutation: You are weak. (Str -2) [potion of
                  | mutation]
 62915 | Zot:5    | Lost mutation: Potions are less effective at restoring your
                  | health. [potion of mutation]
 62915 | Zot:5    | Lost mutation: You sometimes lose your temper in combat.
                  | [potion of mutation]
 62915 | Zot:5    | Gained mutation: You expend magic power (3 MP) to
                  | strengthen your wands. [potion of mutation]
 62915 | Zot:5    | Gained mutation: You have large cloven feet. [potion of
                  | mutation]
 62915 | Zot:5    | Gained mutation: You are dopey. (Int -2) [potion of
                  | mutation]
 62916 | Zot:5    | Lost mutation: You are dopey. (Int -2) [potion of mutation]
 62916 | Zot:5    | Lost mutation: You have large cloven feet. [potion of
                  | mutation]
 62916 | Zot:5    | Lost mutation: You have an increased reservoir of magic.
                  | (+10% MP) [potion of mutation]
 62916 | Zot:5    | Lost mutation: You are weak. (Str -2) [potion of mutation]
 62916 | Zot:5    | Gained mutation: You have hidden genetic potential. [potion
                  | of mutation]
 62917 | Zot:5    | Lost mutation: You do not regenerate when monsters are
                  | visible. [potion of mutation]
 62917 | Zot:5    | Lost mutation: You expend magic power (3 MP) to strengthen
                  | your wands. [potion of mutation]
 62917 | Zot:5    | Gained mutation: Your flesh is heat resistant. (rF+)
                  | [potion of mutation]
 62917 | Zot:5    | Gained mutation: You possess an exceptional clarity of
                  | mind. [potion of mutation]
 62917 | Zot:5    | Gained mutation: Your flesh is very heat resistant. (rF++)
                  | [potion of mutation]
 63013 | Zot:5    | Noticed an orb of fire
 63014 | Zot:5    | Noticed a dread lich
 63025 | Zot:5    | Gained mutation: You are weak. (Str -2) [a cacodemon]
 63035 | Zot:5    | Killed an orb of fire
 63038 | Zot:5    | Noticed a Killer Klown
 63043 | Zot:5    | Killed a dread lich
 63063 | Zot:5    | Killed a Killer Klown
 63134 | Zot:5    | Reached skill level 27 in Invocations
 63164 | Zot:5    | Noticed an orb of fire
 63166 | Zot:5    | Noticed a Killer Klown
 63190 | Zot:5    | Killed a Killer Klown
 63196 | Zot:5    | Noticed an ancient lich
 63198 | Zot:5    | Noticed a dread lich
 63199 | Zot:5    | Gained mutation: Your magical capacity is low. (-10% MP)
                  | [an orb of fire]
 63208 | Zot:5    | Banished an orb of fire
 63218 | Zot:5    | Killed a dread lich
 63227 | Zot:5    | Killed an ancient lich
 63230 | Zot:5    | Reached XP level 27. HP: 81/258 MP: 36/36
 63360 | Zot:5    | Noticed a dread lich
 63364 | Zot:5    | Banished a dread lich
 63441 | Zot:5    | Got the Orb of Zot
 64175 | D:3      | Noticed Myuwaeth the pandemonium lord
 64181 | D:3      | Your ally Crazy Yiuf died
 64192 | D:3      | Banished Myuwaeth the pandemonium lord
 64282 | D:$      | Escaped with the Orb!

Illustrated notes

Levels and vault maps discovered:
D:1:      minmay_arrival_doors, layout_basic, shapermc_ecumenical_altar_pompeii,
          supply_closet_lemuel, minmay_misc_feat_more_columns
D:2:      layout_rooms, minivault_24
D:3:      minmay_door_path, layout_rooms, dk_yredelemnul_ordeal,
          lightli_temple_of_fire, mainiacjoe_overflow_alcove_3,
          minmay_misc_feat_rugged, minmay_fractal_squares_diagonal_5
D:4:      layout_basic
D:5:      layout_basic, gammafunk_temple_overflow_wave, minivault_1,
          hangedman_abyss_or_decor_stabs, uniq_crazy_yiuf_cottage
D:6:      layout_basic, minmay_temple_entry_mini_moons, chequers_big_river,
          amcnicky_mini_pool_medium, uniq_edmund
D:7:      layout_basic, ebering_ghost_disaster_area, minmay_manual_mandibuliform
D:8:      layout_cave_pods
D:9:      layout_roguey, serial_shops, nicolae_shop_back_alley_shop, uniq_psyche
D:10:     layout_gridville, minmay_orc_entry_temple_small, enter_bailey_2
D:11:     layout_irregular_city, david_lair_generic, ebering_ghost_gozag,
          chequers_arboretum, uniq_nergalle, uniq_lodul, uniq_grum
D:12:     cheibrodos_helix_gallery, layout_basic, enter_trove_5, st_stairs_8,
          nicolae_uskayaw_murder_on_the_dancefloor, uniq_kirke
D:13:     layout_loops_cross, hangedman_vaults_entry_quadrant_bands,
          hellmonk_ghost_big_iron, nrook_campfire, minivault_8
D:14:     gammafunk_dig_for_victory, layout_basic, uniq_rupert
D:15:     grunt_enter_depths_hoard, layout_loops_ring, serial_shops,
          nicolae_shop_tiny_waterfront, columned_hall_lemuel, billiards_dpeg
Temple:   nicolae_temple_great_sept
Lair:1:   layout_gridlike, grunt_megastairs_2, uniq_amaemon
Lair:2:   layout_gridlike, portal_ice_cave_entry_pillars_2,
          grunt_forest_stairs_clearing, lemuel_fruit_tree, serial_bayou_shore_b,
          infiniplex_staircase_pool_2
Lair:3:   layout_misc_corridors, nicolae_shoals_entry_roost,
          minmay_snake_entry_six_corridors, uniq_fannar
Lair:4:   gammafunk_lair_enchanted_lake, layout_gridlike, slime_entry_1,
          ebering_ghost_xom, grunt_forest_large_clearings, uniq_snorg
Lair:5:   gammafunk_lair_ancient_temple, layout_hall_layers, minivault_23,
          grunt_megastairs_3
Shoals:1: layout_shoals
Shoals:2: layout_shoals, serial_shops, nicolae_shop_hallway_plus,
          argonaut_gorgonesque
Shoals:3: layout_shoals, uniq_louise, uniq_mara
Shoals:4: shoals_end_hellmonk_lost_city
Snake:1:  layout_onion, basic_altar, drop_trap, uniq_nikola
Snake:2:  layout_onion_interference, basic_altar
Snake:3:  layout_onion, serial_bayou_pond_d,
          nicolae_snake_herptile_family_reunion, minmay_shop_star
Snake:4:  grunt_snake_rune_pools, layout_onion, serial_bayou_shore_b,
          minmay_shoptagon
Slime:1:  layout_caves, basic_altar, nicolae_slime_getting_an_eyeful
Slime:2:  layout_caves
Slime:3:  layout_caves
Slime:4:  cheibrodos_slime_lost_civilization_10, layout_caves, uniq_dissolution
Slime:5
Orc:1:    layout_caves
Orc:2:    st_orc_town, layout_diamond_mine, uniq_donald
Elf:1:    minmay_elf_arrival_plus, layout_geoelf_grid
Elf:2:    nicolae_elf_blades_crystal_corner, layout_onion_city
Elf:3:    nooodl_elf_gasket, layout_geoelf_grid
Vaults:1: nicolae_vaults_ninety_degrees, grunt_vaults_trifunnel,
          vaults_room_mumra_shop_pool, v_misc_2, nicolae_vaults_house_3,
          nicolae_vaults_thirteen_compartments, grunt_vaults_focal, v_pattern_2,
          ontoclasm_vaults_twist, nicolae_vaults_closet_pinwheel_4,
          nicolae_vaults_storage_room_statues, ontoclasm_vaults_gateway,
          ontoclasm_vaults_decontamination, layout_vaults_omnicross
Vaults:2: nicolae_vaults_diamond_2, v_rooms_5, nicolae_vaults_mitosis,
          ontoclasm_vaults_loading_screen, minmay_crypt_entry_necro_gods,
          nicolae_vaults_wrenched, v_misc_5, nicolae_vaults_tangram_1,
          nicolae_vaults_trapezoid_lopsided_1, vaults_room_pool,
          layout_vaults_chaotic_city
Vaults:3: v_alt_pattern_2, nicolae_vaults_little_squares_2, v_rooms_3,
          nicolae_vaults_offset_grid_hallway_3,
          nicolae_vaults_offset_grid_hallway_4, hangedman_vaults_hat,
          nicolae_vaults_closet_pinwheel_2, v_alt_pattern_4, v_alt_pattern_3,
          hangedman_vaults_river_flow, nicolae_vaults_apartment_2,
          vaults_mumra_lcd, ontoclasm_vaults_tryst,
          hangedman_vaults_stretched_pinwheel, layout_vaults_maze
Vaults:4: v_misc_29, nicolae_vaults_big_ls, nicolae_vaults_wine_cellar,
          ontoclasm_vaults_idyll, vaults_dpeg_encased_lava, v_misc_33,
          ontoclasm_vaults_idyll, v_rooms_4, nicolae_vaults_sealed_display,
          layout_vaults_ring, serial_shops, nicolae_shop_tiny_real_fake_doors,
          shop
Vaults:5: uniq_jory
Depths:1: layout_twisted_cross, enter_ziggurat_c, serial_shops,
          nicolae_shop_rolling_square, hellmouth_1,
          chequers_serial_rivers_small_3, serial_sigils_hangedman_carve,
          hellmonk_guarded_unrand_rift, uniq_sojobo
Depths:2: regret_index_uskayaw_diablada_macabre, layout_gridlike, pan_entry,
          hell_entry, kiku_gazebo_pond_becter, minmay_shop_grove
Depths:3: minmay_the_grid_4x2 [minmay_the_grid_odd_star, minmay_the_grid_x,
          minmay_the_grid_square_x, minmay_the_grid_all_tris,
          minmay_the_grid_artifice, minmay_the_grid_fan,
          minmay_the_grid_dragon_a, minmay_the_grid_prize_trominoes],
          layout_honeycomb, mu_enter_wizlab_7,
          nicolae_abyss_entry_one_way_or_another, amcnicky_mini_pool_small,
          hell_entry, infiniplex_staircase_zigzag_1, uniq_boris, uniq_frederick
Depths:4: evilmike_zot_entry_argh, layout_honeycomb,
          pf_vacation_house_of_asmodeus
Zot:1:    layout_basic, hellmonk_ghost_happy_afterlife
Zot:2:    hangedman_snap_crack_crunch, layout_concentric_octagons
Zot:3:    kennysheep_blocky_hall, layout_onion, lemuel_elevator, uniq_josephina
Zot:4:    nicolae_zot_draconian_monastery, layout_gridlike
Zot:5:    layout_gridlike, serial_nicolae_subway, nicolae_sub_station_stone,
          nicolae_sub_station_metal, nicolae_sub_station_crystal

Skill      XL: |  1  2  3  4  5  6  7  8  9 10 11 12 13 14 15 16 17 18 19 20 21 22 23 24 25 26 |
---------------+-------------------------------------------------------------------------------+-----
Fighting       | 4 5 6 7 8 9 10 11 12 14 15 16 17 18 20 22 23 | 23.9
Axes           | 5 6 7 8 10 11 13 16 17 19 21 22 | 22.0
Armour         | 3 5 10 12 14 16 18 21 23 26 27 | 27.0
Stealth        | 2 |  2.0
Dodging        | 3 6 9 10 12 | 12.0
Invocations    | 8 9 10 12 13 14 15 16 20 23 25 27 | 27.0
Throwing       | 2 4 6 8 9 |  9.0
Shields        | 4 7 9 11 14 19 20 | 20.9
Evocations     | 4 6 8 9 10 14 | 14.0

Action                     |  1- 3 |  4- 6 |  7- 9 | 10-12 | 13-15 | 16-18 | 19-21 | 22-24 | 25-27 || total
---------------------------+-------+-------+-------+-------+-------+-------+-------+-------+-------++-------
  Melee: Hand axe          |    86 |    55 |       |       |       |       |       |       |       ||   141
         Flail             |       |    60 |   271 |   283 |       |       |       |       |       ||   614
         Executioner's axe |       |       |       |   116 |   262 |       |       |       |       ||   378
         Broad axe         |       |       |       |    46 |   151 |  1258 |  1236 |  1350 |  1076 ||  5117
         Battleaxe         |       |       |       |    69 |   497 |       |       |       |       ||   566
  Throw: Boomerang         |       |       |     5 |    11 |       |       |       |       |       ||    16
         Dart              |       |       |     3 |    11 |     1 |       |       |       |     1 ||    16
         Javelin           |       |       |       |    10 |    13 |    12 |     2 |     7 |    23 ||    67
 Invoke: Heroism           |       |       |     1 |     4 |    11 |       |       |       |       ||    16
         Finesse           |       |       |       |     1 |     2 |       |       |       |       ||     3
         Banish            |       |       |       |       |       |    12 |    11 |    16 |    25 ||    64
         Brand Weapon With |       |       |       |       |       |       |     1 |       |       ||     1
         Depart the Abyss  |       |       |       |       |       |       |       |     1 |     2 ||     3
         Corrupt           |       |       |       |       |       |       |       |     1 |     2 ||     3
  Evoke: Wand              |       |     1 |    10 |     2 |     3 |     8 |     1 |     3 |    21 ||    49
         Lightning rod     |       |       |       |       |       |     9 |     6 |     2 |       ||    17
         Phantom mirror    |       |       |       |       |       |     3 |     1 |     2 |     2 ||     8
         Phial of floods   |       |       |       |       |       |     2 |     1 |       |     1 ||     4
         Box of beasts     |       |       |       |       |       |     1 |       |     1 |       ||     2
         Condenser vane    |       |       |       |       |       |     1 |     2 |     4 |     3 ||    10
    Use: Scroll            |     3 |     3 |     4 |    12 |    16 |    18 |     3 |    15 |    16 ||    90
         Potion            |       |       |     2 |     4 |     9 |    15 |     4 |    11 |    27 ||    72
   Stab: Distracted        |       |       |       |       |     1 |       |       |     1 |       ||     2
         Sleeping          |       |       |       |       |     1 |       |       |       |       ||     1
         Petrified         |       |       |       |       |       |     1 |       |       |       ||     1
 Armour: Robe              |     3 |       |       |       |       |       |       |       |       ||     3
         Ring mail         |    26 |    14 |    77 |   245 |   168 |       |       |       |       ||   530
         Scale mail        |       |    30 |    82 |       |       |       |       |       |       ||   112
         Crystal plate arm |       |       |       |       |   326 |   787 |   573 |   487 |       ||  2173
         Plate armour      |       |       |       |       |       |       |     1 |       |       ||     1
         Gold dragon scale |       |       |       |       |       |       |       |    89 |   571 ||   660
         Skin              |       |       |       |       |       |       |       |     3 |       ||     3
  Dodge: Dodged            |    58 |    87 |   164 |   348 |   460 |   361 |   231 |   288 |   240 ||  2237
  Block: Kite shield       |       |       |       |       |    50 |   750 |    78 |       |       ||   878
         Reflection        |       |       |       |       |       |    18 |   137 |    77 |    26 ||   258
         Tower shield      |       |       |       |       |       |       |   825 |  1127 |   807 ||  2759

Table legend: (Time is in decaauts)
 A = Elapsed time spent in this place.
 B = Non-inter-level travel time spent in this place.
 C = Inter-level travel time spent in this place.
 D = Time resting spent in this place.
 E = Time spent auto-exploring this place.
 F = Levels seen in this place.
 G = Mean time per level.
                   A        B        C        D        E       F      G
               +--------+--------+--------+--------+--------+-----+--------+
         Total |  63571 |  56433 |   7138 |  12913 |  25611 |  62 | 1025.3 |
       Dungeon |  20226 |  17202 |   3024 |   4159 |   8580 |  15 | 1348.4 |
        Temple |     26 |     26 |      0 |      0 |      0 |   1 |   26.0 |
          Lair |   5576 |   4618 |    958 |    894 |   2404 |   5 | 1115.2 |
        Shoals |   3965 |   3690 |    275 |    795 |   1614 |   4 |  991.2 |
     Snake Pit |   5650 |   5327 |    323 |   1721 |   2004 |   4 | 1412.5 |
    Slime Pits |   1020 |    950 |     70 |    350 |      0 |   5 |  204.0 |
  Orcish Mines |   2173 |   1700 |    473 |    288 |    787 |   2 | 1086.5 |
   Elven Halls |   3050 |   2680 |    370 |    240 |   1579 |   3 | 1016.7 |
        Vaults |   8864 |   7733 |   1131 |   1399 |   4223 |   5 | 1772.8 |
        Depths |   6220 |   5731 |    489 |    931 |   3129 |   4 | 1555.0 |
           Zot |   3664 |   3643 |     21 |    927 |   1127 |   5 |  732.8 |
         Abyss |    619 |    619 |      0 |    149 |      0 |   5 |  123.8 |
         Trove |     80 |     80 |      0 |      0 |      0 |   1 |   80.0 |
        Bailey |    445 |    445 |      0 |    161 |      9 |   1 |  445.0 |
      Ice Cave |   1073 |   1073 |      0 |    448 |    127 |   1 | 1073.0 |
        Wizlab |    914 |    914 |      0 |    448 |     25 |   1 |  914.0 |
               +--------+--------+--------+--------+--------+-----+--------+

Top non-repeatable levels by time:
    D:13: 2463 daAuts
    D:12: 2218 daAuts
 Snake:4: 2160 daAuts
Depths:1: 2156 daAuts
Vaults:1: 1962 daAuts
Vaults:2: 1928 daAuts
    D:15: 1904 daAuts
    D:14: 1895 daAuts
Vaults:3: 1688 daAuts
Vaults:4: 1682 daAuts
Vaults:5: 1600 daAuts
 Snake:3: 1586 daAuts
     D:3: 1581 daAuts
  Lair:4: 1571 daAuts
Depths:3: 1505 daAuts
